 Dungeon Crawl Stone Soup version 0.31-a0-1010-g5322dac6a2 (webtiles) character file.

Game seed: 18067211349562271134

50 protoss039 the Digger (level 3, -4/26 HPs)
             Began as a Demonspawn Earth Elementalist on Nov 16, 2023.
             Slain by a gnoll
             ... wielding a +0 whip
              (7 damage)
             ... on level 1 of the Dungeon.
             The game lasted 00:02:09 (1345 turns).

protoss039 the Digger (DsEE)                        Turns: 1345, Time: 00:02:10

Health: -4/26      AC:  3    Str:  8    XL:     3   Next: 55%
Magic:  6/6        EV: 11    Int: 18    God:
Gold:   120        SH:  0    Dex: 13    Spells: 3/6 levels left

rFire   . . .        c - +0 short sword
rCold   . . .        (no shield)
rNeg    . . .        d - +0 leather armour
rPois   .            (no helmet)
rElec   .            (no cloak)
rCorr   .            (no gloves)
SInv    .            (no boots)
Will    .....        (no amulet)
Stlth   ++           (no ring)
HPRegen 0.24/turn    (no ring)
MPRegen 0.10/turn

%: no passive effects
@: no status effects
A: ignite blood 1, demonic touch 1
a: no special abilities


You were on level 1 of the Dungeon.
You visited 1 branch of the dungeon, and saw 2 of its levels.

You collected 120 gold pieces.

Inventory:

Hand Weapons
 c - a +0 short sword (weapon)
Missiles
 l - 4 silver javelins
Armour
 d - a +0 leather armour (worn)
Talismans
 m - a talisman of death
Scrolls
 a - a scroll of vulnerability {unknown}
 e - 2 scrolls of teleportation {unknown}
 h - a scroll of identify {unknown}
 i - a scroll of acquirement {unknown}
 j - a scroll of fear {unknown}
 k - a scroll of revelation {unknown}
Potions
 b - a potion of magic
 f - a potion of haste {unknown}
 g - a potion of brilliance {unknown}


   Skills:
 + Level 1.4 Fighting
 * Level 1.4 Armour
 - Level 1.7 Dodging
 - Level 1.7 Stealth
 + Level 2.4 Spellcasting
 - Level 0.8 Transmutations
 + Level 3.0 Earth Magic


You had 3 spell levels left.
You knew the following spells:

 Your Spells              Type           Power      Damage    Failure   Level
a - Sandblast             Erth           26%        2d8       7%          1
b - Passwall              Tmut/Erth      7%         N/A       16%         2

Your spell library contained the following spells:

 Spells                   Type           Power      Damage    Failure   Level
 Stone Arrow              Conj/Erth      14%        3d7       36%         3
 Gell's Gravitas          Tloc           2%         N/A       58%         3
 Teleport Other           Tloc           2%         N/A       58%         3
 Petrify                  Tmut/Erth      9%         N/A       71%         4
 Brom's Barrelling Bould  Conj/Erth      7%         2d3       78%         4
 Dispersal                Tloc           1%         N/A       100%        6


Dungeon Overview and Level Annotations

Branches:
Dungeon (2/15) Zot: 10631

Altars:


Innate Abilities, Weirdness & Mutations

Your demonic aura sometimes causes spilled blood to erupt in flames.
Your touch may inflict minor irresistible damage on your foes.


Message History

The gnoll barely misses you.
You see here a talisman of death.
m - a talisman of death The gnoll hits you with a +0 halberd.
The gnoll closely misses you. The gnoll attacks as it pursues you!
The gnoll misses you. The gnoll attacks as it pursues you!
The gnoll hits you with a +0 whip. The gnoll attacks as it pursues you!
The gnoll hits you with a +0 whip. The gnoll attacks as it pursues you!
The gnoll completely misses you. The gnoll barely misses you.
The gnoll attacks as it pursues you! The gnoll barely misses you.
The gnoll attacks as it pursues you! The gnoll barely misses you.
You see here a +0 club.
The gnoll attacks as it pursues you! The gnoll hits you with a +0 whip.
The gnoll barely misses you.
You see here a +0 dagger.
The gnoll attacks as it pursues you! The gnoll barely misses you.
The gnoll misses you. The gnoll attacks as it pursues you!
The gnoll closely misses you.
A rat comes into view.
The helpless rat fails to defend itself.
You puncture the rat!
You kill the rat!
The gnoll attacks as it pursues you! The gnoll hits you with a +0 whip!
Found an escape hatch in the ceiling.
Found a leather armour.
The gnoll attacks as it pursues you! The gnoll hits you with a +0 whip.
Found 16 gold pieces.
Found an escape hatch in the floor.
The gnoll attacks as it pursues you! The gnoll hits you with a +0 whip!
* * * LOW HITPOINT WARNING * * *
There is an escape hatch in the ceiling, spattered with blood here.
The gnoll hits you with a +0 whip.
* * * LOW HITPOINT WARNING * * *
A mysterious force pulls you upwards. The hatch slams shut behind you.
Unknown command.
Okay, then.
Okay, then.
Okay, then.
You hit the gnoll but do no damage. The gnoll hits you with a +0 whip!
You die...

..)#...### #...# #.#####
...#.....# #...# #......
####.....# ######...# #......
#.....# #........# #......
###.....###........# #......
#..................# #......
#..................# #......
#..............g...# #......
####...........@.###
#####....## #.....(....####
#........## #..........##
#.........# #...........####
#(........#
#..............####.........#
#............#...######.#...#
#............###...####.#...#
#............# ###...##.#...#
##...........# ###.##.#...#


You could see a gnoll.

Vanquished Creatures
  A gnoll (D:2)
  A dart slug (D:1)
  2 ball pythons
  6 endoplasms
  A giant cockroach (D:1)
  3 goblins (D:1)
  3 hobgoblins
  2 jackals (D:1)
  A quokka (D:2)
  2 bats
  3 frilled lizards
  4 kobolds (D:1)
  6 rats
35 creatures vanquished.

Notes
Turn   | Place    | Note
-------+----------+-------------------------------------------
     0 | D:1      | protoss039 the Demonspawn Earth Elementalist began the
                  | quest for the Orb.
     0 | D:1      | Reached XP level 1. HP: 13/13 MP: 3/3
   237 | D:1      | Gained mutation: Your touch may inflict minor irresistible
                  | damage on your foes. [demonic ancestry]
   237 | D:1      | Reached XP level 2. HP: 19/20 MP: 1/5
   405 | D:1      | Reached skill level 1 in Fighting
   550 | D:1      | Reached skill level 1 in Armour
   559 | D:1      | Reached skill level 3 in Earth Magic
   753 | D:1      | Gained mutation: Your demonic aura sometimes causes spilled
                  | blood to erupt in flames. [demonic ancestry]
   753 | D:1      | Reached XP level 3. HP: 26/26 MP: 4/6
  1011 | D:1      | Learned a level 2 spell: Passwall
  1345 | D:1      | Slain by a gnoll

Illustrated notes

Levels and vault maps discovered:
D:1:      zaba_arrival_water, layout_basic
D:2:      layout_loops_ring

Skill      XL: |  1  2 |
---------------+-------+-----
Fighting       | 1 |  1.4
Armour         | 1 |  1.4
Earth Magic    | 3 |  3.0
Dodging        | |  1.7
Stealth        | |  1.7
Spellcasting   | |  2.4
Transmutations | |  0.8

Action                     || total
---------------------------++-------
  Melee: Short sword       ||    46
         Touch             ||     6
   Cast: Sandblast         ||    34
   Stab: Sleeping          ||     3
 Armour: Leather armour    ||    45
  Dodge: Dodged            ||    49

Table legend: (Time is in decaauts)
 A = Elapsed time spent in this place.
 B = Non-inter-level travel time spent in this place.
 C = Inter-level travel time spent in this place.
 D = Time resting spent in this place.
 E = Time spent auto-exploring this place.
 F = Levels seen in this place.
 G = Mean time per level.
                   A        B        C        D        E       F      G
               +--------+--------+--------+--------+--------+-----+--------+
         Total |   1367 |   1278 |     89 |     90 |    890 |   2 |  683.5 |
       Dungeon |   1367 |   1278 |     89 |     90 |    890 |   2 |  683.5 |
               +--------+--------+--------+--------+--------+-----+--------+

Top non-repeatable levels by time:
     D:1: 1031 daAuts
     D:2: 335 daAuts
